 Dungeon Crawl Stone Soup version 0.31-a0-986-g5e6e4ef867 (webtiles) character file.

Game seed: 10677726060368370147

11 zenocrate the Chiller (level 2, -3/20 HPs)
             Began as a Ghoul Ice Elementalist on Nov 15, 2023.
             Slain by a gnoll
             ... wielding a +0 flail
              (8 damage)
             ... on level 1 of the Dungeon.
             The game lasted 00:00:28 (353 turns).

zenocrate the Chiller (Ghoul Ice Elementalist)       Turns: 353, Time: 00:00:28

Health: -3/20      AC:  2    Str: 11    XL:     2   Next: 25%
Magic:  0/3        EV: 12    Int: 10    God:
Gold:   11         SH:  0    Dex:  9    Spells: 3/4 levels left

rFire   . .          .
                       - Unarmed
rCold   + . .        (no shield)
rNeg    + + +        a - +0 robe
rPois   ∞            (no helmet)
rElec   .            (no cloak)
rCorr   .            (no gloves)
SInv    .            (no boots)
Will    .....        (no amulet)
Stlth   ++           (no ring)
HPRegen 0.00/turn    (no ring)
MPRegen 0.08/turn

%: no passive effects
@: very slightly contaminated, inhibited regen
A: claws 1, cold resistance 1, negative energy resistance 3, inhibited
regeneration, torment resistance 2, devour on kill
a: no special abilities


You were on level 1 of the Dungeon.
You visited 1 branch of the dungeon, and saw 1 of its levels.

You collected 11 gold pieces.

Inventory:

Armour
 a - a +0 robe (worn)
Potions
 b - a potion of magic
 c - a potion of haste {unknown}


   Skills:
 - Level 1.7 Dodging
 - Level 2.1 Stealth
 + Level 2.0 Unarmed Combat
 - Level 1.7 Spellcasting
 - Level 4.3 Ice Magic


You had 3 spell levels left.
You knew the following spells:

 Your Spells              Type           Power      Damage    Failure   Level
a - Freeze                Ice            36%        1d5       5%          1

Your spell library contained the following spells:

 Spells                   Type           Power      Damage    Failure   Level
 Frozen Ramparts          Ice            18%        1d3       16%         3
 Ozocubu's Armour         Ice            9%         N/A       16%         3
 Summon Ice Beast         Ice/Summ       5%         N/A       78%         4
 Irradiate                Conj/Tmut      0%         3d11      100%        5
 Wereblood                Tmut           Unusable   N/A       N/A         2

Dungeon Overview and Level Annotations

Branches:
Dungeon (1/15)

Altars:


Innate Abilities, Weirdness & Mutations

You are immune to poison.
You have sharp fingernails.
Your flesh is cold resistant. (rC+)
You are immune to negative energy. (rN+++)
You do not regenerate when monsters are visible.
You are immune to unholy pain and torment.
You thrive by killing the living.


Message History

Press: ? - help, Shift-Dir - straight line, f/p - gnoll
Aim: a gnoll, wielding a +0 flail (lightly wounded)
You miscast Freeze.
You are very lightly contaminated with residual magic.
Nothing appears to happen.
The gnoll closely misses you.
Casting: Freeze (safe; 5% risk of failure)
Confirm with . or Enter, or press ? or * to list all spells.
Aiming: Freeze (safe; 5% risk of failure)
Press: ? - help, Shift-Dir - straight line, f/p - gnoll
Aim: a gnoll, wielding a +0 flail (lightly wounded)
You freeze the gnoll.
The gnoll is moderately wounded.
The gnoll barely misses you.
Unknown command.
Unknown command.
Casting: Freeze (safe; 5% risk of failure)
Confirm with . or Enter, or press ? or * to list all spells.
You don't have enough magic to cast this spell.
Unknown command.
You barely miss the gnoll.
The gnoll is moderately wounded.
The gnoll barely misses you.
Unknown command.
Unknown command.
You scratch the gnoll.
The gnoll is severely wounded.
The gnoll hits you with a +0 flail.
* * * LOW HITPOINT WARNING * * *
The giant cockroach closely misses you.
Unknown command.
Unknown command.
You barely miss the gnoll.
The gnoll is severely wounded.
The giant cockroach misses you. The gnoll barely misses you.
Unknown command.
Unknown command.
You scratch the gnoll.
The gnoll is severely wounded.
The giant cockroach misses you. The gnoll hits you with a +0 flail!
You die...

.# .# # ##.# .#
#########..# .# #
#..........#####.#.##
#....................
#...♣♣♣...♣♣♣.$.♣♣♣..
#..♣ #♣.♣# #♣B♣# #..♣
♣.♣ ♣@♣ #..♣# #♣.♣#
♣g♣ #..♣♣♣...♣♣ ...
#.........♣.....
#..♣♣♣...♣♣♣...♣♣
#.♣# #♣.♣# #♣.♣# #.♣
♣♣♣ ♣♣♣ #.♣# #♣.♣#
#..♣♣♣...♣♣♣..


You could see a gnoll and a giant cockroach.

Vanquished Creatures
  A dart slug (D:1)
  A ball python (D:1)
  2 bats (D:1)
  A giant cockroach (D:1)
  A goblin (D:1)
  A frilled lizard (D:1)
  A kobold (D:1)
8 creatures vanquished.

Notes
Turn   | Place    | Note
-------+----------+-------------------------------------------
     0 | D:1      | zenocrate the Ghoul Ice Elementalist began the quest for
                  | the Orb.
     0 | D:1      | Reached XP level 1. HP: 14/14 MP: 2/2
    71 | D:1      | Reached skill level 1 in Unarmed Combat
   193 | D:1      | Reached XP level 2. HP: 10/20 MP: 0/3
   353 | D:1      | Slain by a gnoll

Illustrated notes

Levels and vault maps discovered:
D:1:      wander_arrival_estate, layout_loops_ring, minivault_5,
          minmay_stone_trees_large

Skill      XL: |  1  2 |
---------------+-------+-----
Unarmed Combat | 1 2 |  2.0
Dodging        | |  1.7
Stealth        | |  2.1
Spellcasting   | |  1.7
Ice Magic      | |  4.3

Action                     || total
---------------------------++-------
  Melee: Unarmed           ||    30
   Cast: Freeze            ||     9
   Stab: Sleeping          ||     3
 Armour: Robe              ||    22
  Dodge: Dodged            ||    19

Table legend: (Time is in decaauts)
 A = Elapsed time spent in this place.
 B = Non-inter-level travel time spent in this place.
 C = Inter-level travel time spent in this place.
 D = Time resting spent in this place.
 E = Time spent auto-exploring this place.
 F = Levels seen in this place.
 G = Mean time per level.
                   A        B        C        D        E       F      G
               +--------+--------+--------+--------+--------+-----+--------+
         Total |    352 |    352 |      0 |      6 |    261 |   1 |  352.0 |
       Dungeon |    352 |    352 |      0 |      6 |    261 |   1 |  352.0 |
               +--------+--------+--------+--------+--------+-----+--------+

Top non-repeatable levels by time:
     D:1: 352 daAuts
